 Dungeon Crawl Stone Soup version 0.22-a0-480-g991dd4b (webtiles) character file.

49 gmonis the Cudgeler (level 3, 0/31 HPs)
             Began as a Minotaur Berserker on June 16, 2018.
             Was a Believer of Trog.
             Slain by an orc priest
             ... wielding a cursed +0 mace
              (3 damage)
             ... on level 2 of the Dungeon.
             The game lasted 00:01:46 (1356 turns).

gmonis the Cudgeler (Minotaur Berserker)            Turns: 1356, Time: 00:01:47

Health: 0/31       AC:  2    Str: 21    XL:     3   Next: 53%
Magic:  2/2        EV: 12    Int:  4    God:    Trog [**....]
Gold:   42         SH:  0    Dex: 10    Spells: 2/2 levels left

rFire    . . .     SeeInvis .   a - +0 mace
rCold    . . .     Gourm    .   (no shield)
rNeg     . . .     Faith    .   b - +0 animal skin
rPois    .         Spirit   .   (helmet restricted)
rElec    .         Reflect  .   (no cloak)
rCorr    .         Harm     .   (no gloves)
MR       .....                  (no boots)
Stlth    +.........             (no amulet)
HPRegen  0.10/turn              (no ring)
MPRegen  0.08/turn              (no ring)

@: lethally poisoned (0 -> -1), slowed, very slow
A: retaliatory headbutt, horns 2
a: Berserk, Trog's Hand, Renounce Religion


You were on level 2 of the Dungeon.
You worshipped Trog.
Trog was pleased with you.
You were not hungry.

You visited 1 branch of the dungeon, and saw 2 of its levels.

You collected 42 gold pieces.

Inventory:

Hand Weapons
 a - a +0 mace (weapon)
Missiles
 h - 12 stones (quivered)
Armour
 b - a +0 animal skin (worn)
Jewellery
 g - an uncursed ring of protection from fire {unknown}
Scrolls
 f - a scroll of identify {unknown}
 i - a scroll of noise {unknown}
 l - a scroll of enchant weapon {unknown}
Potions
 d - a potion of might {unknown}
 e - 2 potions of curing {unknown}
 j - a potion of brilliance {unknown}
 k - a potion of flight {unknown}
Comestibles
 c - 3 rations


   Skills:
 - Level 3.6 Fighting
 + Level 5.6 Maces & Flails
 - Level 2.4 Armour
 - Level 2.1 Dodging


You had 2 spell levels left.
You didn't know any spells.
Your spell library was empty.

Dungeon Overview and Level Annotations

Branches:
Dungeon (2/15)

Altars:


Innate Abilities, Weirdness & Mutations

You reflexively headbutt those who attack you in melee.
You have a pair of horns on your head.


Message History

The orc priest hits you with a mace.
* * * LOW HITPOINT WARNING * * *
The orc closely misses you. You furiously retaliate!
You headbutt the orc!
You kill the orc!
Trog accepts your kill.
You hit the orc priest. Your headbutt misses the orc priest.
The orc priest is moderately wounded.
The orc wizard casts a spell.
The orc wizard seems to speed up.
The orc priest looks encouraged for a moment.
The orc priest closely misses you.
You hit the orc priest but do no damage.
The orc priest is moderately wounded.
You feel sick. The orc priest hits you with a mace.
* * * LOW HITPOINT WARNING * * *
You hit the orc priest but do no damage.
The orc priest is moderately wounded.
The orc wizard mumbles some strange words.
The orc wizard blinks!
The orc priest hits you with a mace.
You die...

....##.#...###....
.....
(...##.#...##..8..
...<...#...#$.o...
###........#⌠o....
######.#.#$.....
#.#.##..8..
#.#.###....
#.#..#########.#.
##.....@§......
#.##.oo..####.
#.##.#...#
##.#....##
#....... ##.#####.
..# # ###


You could see an orc priest and an orc wizard.

Vanquished Creatures
  An adder (D:2)
  2 dart slugs (D:1)
  A leopard gecko (D:1)
  An orc (D:2)
  2 bats (D:1)
  A giant cockroach (D:1)
  6 goblins (D:1)
  3 hobgoblins
  3 jackals (D:2)
  2 frilled lizards (D:1)
  7 kobolds
  4 rats
33 creatures vanquished.

Notes
Turn   | Place    | Note
-------+----------+-------------------------------------------
     0 | D:1      | gmonis the Minotaur Berserker began the quest for the Orb.
     0 | D:1      | Reached XP level 1. HP: 19/19 MP: 0/0
    49 | D:1      | Reached skill level 4 in Maces & Flails
   292 | D:1      | Reached XP level 2. HP: 22/26 MP: 1/1
   829 | D:1      | Reached skill level 5 in Maces & Flails
   985 | D:1      | Reached XP level 3. HP: 29/31 MP: 2/2
  1243 | D:2      | Reached ** piety under Trog
  1356 | D:2      | Slain by an orc priest

Vault maps used:
D:1:      matt_arrival_refuge, minmay_nonomino_d4
D:2:      cheibrodos_pilgrimage, nicolae_overflow_crystal_walls, first_ration,
          kennysheep_generic_room_15

Skill      XL: |  1  2 |
---------------+-------+-----
Maces & Flails | 4 5 |  5.6
Fighting       | |  3.6
Armour         | |  2.4
Dodging        | |  2.1

Action                   || total
-------------------------++-------
Melee: Mace              ||    68
       Headbutt          ||     5
  Eat: Chunk             ||     1
Armor: Animal skin       ||    12
Dodge: Dodged            ||    41

Table legend:
 A = Spawn XP
 B = Non-spawn XP
 C = Spawn XP percentage of total XP
 D = Spawn monster count
 E = Non-spawn monster count
 F = Spawn count percentage of total count
 G = Total turns spent on level
                    A         B        C        D         E        F      G
               +---------+---------+-------+---------+---------+-------+---------
         Total |       0 |      71 |   0.0 |       0 |      33 |   0.0 |  1356
               +---------+---------+-------+---------+---------+-------+---------
           D:1 |       0 |      45 |   0.0 |       0 |      25 |   0.0 |  1180
           D:2 |       0 |      26 |   0.0 |       0 |       8 |   0.0 |   176
               +---------+---------+-------+---------+---------+-------+---------
